 Dungeon Crawl Stone Soup version 0.26-a0-658-gbdda728c12 (webtiles) character file.

Game seed: 9391677193363413500

164 luopjiggy the Chopper (level 5, -1/45 HPs)
             Began as a Hill Orc Fighter on Oct 4, 2020.
             Slain by an ogre
             ... wielding a +0 giant spiked club
              (17 damage)
             ... on level 3 of the Dungeon.
             The game lasted 00:03:23 (2566 turns).

luopjiggy the Chopper (Hill Orc Fighter)            Turns: 2566, Time: 00:03:24

Health: -1/45      AC:  6    Str: 19    XL:     5   Next: 45%
Magic:  5/5        EV:  7    Int:  8    God:
Gold:   118        SH:  9    Dex: 11    Spells: 4/4 levels left

rFire    . . .     SeeInvis .   a - +0 war axe
rCold    . . .     Faith    .   c - +0 kite shield
rNeg     . . .     Spirit   .   b - +0 scale mail
rPois    .         Reflect  .   (no helmet)
rElec    .         Harm     .   (no cloak)
rCorr    .         Rampage  .   (no gloves)
MR       .....                  (no boots)
Stlth    ..........             (no amulet)
HPRegen  0.15/turn              (no ring)
MPRegen  0.09/turn              (no ring)

@: no status effects
A: no striking features
a: no special abilities


You were on level 3 of the Dungeon.
You visited 1 branch of the dungeon, and saw 3 of its levels.

You collected 118 gold pieces.

Inventory:

Hand Weapons
 a - a +0 war axe (weapon)
Armour
 b - a +0 scale mail (worn)
 c - a +0 kite shield (worn)
Scrolls
 e - a scroll of fear {unknown}
 k - a scroll of fog
 n - a scroll of enchant armour {unknown}
Potions
 d - 3 potions of might
 f - a potion of brilliance {unknown}
 g - 2 potions of curing
 i - a potion of degeneration {unknown}
 j - a potion of lignification {unknown}
 l - a potion of stabbing {unknown}
 m - a potion of haste


   Skills:
 - Level 3.6 Fighting
 + Level 7.3 Axes
 - Level 3.2 Armour
 - Level 3.2 Shields


You had 4 spell levels left.
You didn't know any spells.
Your spell library was empty.

Dungeon Overview and Level Annotations

Branches:
Dungeon (3/15)

Altars:

Annotations:
D:3 Terence


Message History

You block the adder's attack.
Your shield and scale mail prevent you from hitting Terence.
Terence is heavily wounded.
You hit the ball python. You closely miss the giant cockroach.
You closely miss the adder. You slash the ogre!
You block the giant cockroach's attack. You block the adder's attack.
The ball python bites you but does no damage.
The ball python constricts you. You block Terence's attack.
The ogre hits you with a +0 giant spiked club!
You slash Terence!
Terence is severely wounded.
You closely miss the ogre. You barely miss the adder.
You slash the giant cockroach!
You kill the giant cockroach!
You slash the ball python!
You kill the ball python!
You block the adder's attack. Terence hits you but does no damage.
You block the adder's attack.
The ogre hits you with a +0 giant spiked club!
You die...

.........).# .# .##
###........####.##..#
#.....##..........#
#..#..............#
....###............#
##............$....#
# .....#..........#
...#.....@.......#
.#..##..(.@†......
.#......OS!......
................
#.....#........
#.....#........
...............
....####....... ...#
#####..


You could see an ogre, Terence and an adder.

Vanquished Creatures
  Natasha (D:2)
  3 gnolls
  4 adders (D:2)
  An ooze (D:2)
  4 worms
  2 leopard geckos
  6 orcs
  4 giant cockroaches
  3 goblins
  6 hobgoblins
  A ball python (D:3)
  3 bats
  8 frilled lizards
  10 kobolds
  4 rats
60 creatures vanquished.

Notes
Turn   | Place    | Note
-------+----------+-------------------------------------------
     0 | D:1      | luopjiggy the Hill Orc Fighter began the quest for the Orb.
     0 | D:1      | Reached XP level 1. HP: 19/19 MP: 1/1
    25 | D:1      | Reached skill level 3 in Axes
   220 | D:1      | Reached XP level 2. HP: 26/26 MP: 2/2
   296 | D:1      | Reached skill level 4 in Axes
  1009 | D:2      | Reached XP level 3. HP: 31/31 MP: 3/3
  1337 | D:1      | Reached skill level 5 in Axes
  1589 | D:2      | Reached XP level 4. HP: 26/39 MP: 4/4
  1821 | D:2      | Reached skill level 6 in Axes
  2293 | D:3      | Noticed Natasha
  2440 | D:2      | Reached XP level 5. HP: 34/45 MP: 5/5
  2530 | D:2      | Killed Natasha
  2530 | D:2      | Reached skill level 7 in Axes
  2553 | D:3      | Noticed Terence
  2554 | D:3      | Noticed an ogre
  2566 | D:3      | Slain by an ogre

Illustrated notes

Levels and vault maps discovered:
D:1:      dpeg_arrival_boxes_within_box, layout_basic, dk_noncrumbling_3
D:2:      layout_basic, minmay_stone_trees_small, minmay_misc_feat_enclosed
D:3:      minmay_bubble_buster, layout_rooms, lemuel_doored_altar,
          lemuel_angel_altar, uniq_grinder, uniq_natasha, uniq_jessica,
          uniq_terence

Skill      XL: |  1  2  3  4  5 |
---------------+----------------+-----
Axes           | 3 4 5 6 7 |  7.3
Fighting       | |  3.6
Armour         | |  3.2
Shields        | |  3.2

Action                   |  1- 3 |  4- 6 || total
-------------------------+-------+-------++-------
Melee: War axe           |   120 |    82 ||   202
  Use: Scroll            |     3 |     4 ||     7
       Potion            |       |     1 ||     1
Armor: Scale mail        |    61 |    45 ||   106
Dodge: Dodged            |    27 |    29 ||    56
Block: Kite shield       |    65 |    60 ||   125

Table legend: (Time is in decaauts)
 A = Elapsed time spent in this place.
 B = Non-inter-level travel time spent in this place.
 C = Inter-level travel time spent in this place.
 D = Time resting spent in this place.
 E = Time spent auto-exploring this place.
 F = Levels seen in this place.
 G = Mean time per level.
                   A        B        C        D        E       F      G
               +--------+--------+--------+--------+--------+-----+--------+
         Total |   2654 |   2584 |     70 |   1207 |    898 |   3 |  884.7 |
       Dungeon |   2654 |   2584 |     70 |   1207 |    898 |   3 |  884.7 |
               +--------+--------+--------+--------+--------+-----+--------+

Top non-repeatable levels by time:
     D:1: 1414 daAuts
     D:2: 1198 daAuts
     D:3: 41 daAuts
